 Dungeon Crawl Stone Soup version 0.21-a0-414-gba8bdf1 (webtiles) character file.

51386 Dysjunc the Blocker (level 14, 0/113 HPs)
             Began as a Gnoll Fighter on Nov 2, 2017.
             Was the Champion of Okawaru.
             Slain by a slime creature (13 damage)
             ... on level 1 of the Pits of Slime.
             The game lasted 02:01:38 (23839 turns).

Dysjunc the Blocker (Gnoll Fighter)                Turns: 23839, Time: 02:01:38

Health: 0/113      AC:  4    Str: 25    XL:     14   Next: 59%
Magic:  18/27      EV: 24    Int: 16    God:    Okawaru [******]
Gold:   880        SH: 20    Dex: 20    Spells: 3/31 levels left

rFire    . . .     SeeInvis +   o - +9 long sword (freeze)
rCold    . . .     Gourm    .   T - +3 shield "Duuzxoel" {Str-4 Int+4 Dex+3 SInv}
rNeg     . . .     Faith    .   a - +4 troll leather armour
rPois    .         Spirit   .   (helmet restricted)
rElec    .         Reflect  +   V - scarf {cloud immunity}
rCorr    .         Harm     .   (no gloves)
MR       ++...     Clarity  +   i - +0 pair of boots
Stlth    +++++++...             I - +2 amulet of reflection
HPRegen  0.68/turn              R - ring of stealth
MPRegen  0.20/turn              F - +6 ring of strength

@: mighty, heroism, corroded, very slightly contaminated, invisible
A: distributed training, fangs 1, horns 1, clarity, dopey 1, magic resistance 1,
sense surroundings 1, strong nose
a: Heroism, Finesse, Renounce Religion


You were on level 1 of the Pits of Slime.
You worshipped Okawaru.
Okawaru was exalted by your worship.
You were not hungry.

You visited 4 branches of the dungeon, and saw 21 of its levels.
You also visited: Ice Cave.

You collected 1240 gold pieces.
You spent 360 gold pieces at shops.

Inventory:

Hand Weapons
 o - a +9 long sword of freezing (weapon)
 w - the +6 short sword of the Exiled Ghosts {protect, Str+3}
   (You found it on level 4 of the Dungeon)

   It protects the one who uses it against injury (+AC on strike).
   It affects your strength (+3).
 y - a +0 blowgun
 z - a +5 hunting sling of flaming
 Q - a +3 scimitar of flaming
Missiles
 h - 588 stones
 k - 67 poisoned needles
 L - 145 sling bullets
 M - 7 javelins (quivered)
 N - 5 curare-tipped needles
Armour
 a - a +4 troll leather armour (worn)
 i - a +0 pair of boots (worn)
 T - the +3 shield "Duuzxoel" (worn) {Str-4 Int+4 Dex+3 SInv}
   (Okawaru gifted it to you on level 13 of the Dungeon)

   It affects your strength (-4).
   It affects your intelligence (+4).
   It affects your dexterity (+3).
   It lets you see invisible.
 V - a scarf of cloud immunity (worn)
Magical Staves
 E - an uncursed staff of energy
Jewellery
 e - an uncursed ring of poison resistance
 j - an uncursed ring of flight
 A - an uncursed ring of see invisible
 F - a +6 ring of strength (right hand)
 I - a +2 amulet of reflection (around neck)
 R - a ring of stealth (left hand)
Wands
 b - a wand of acid (9/15)
 p - a wand of confusion (20/48)
 s - a wand of enslavement (16/24)
 B - a wand of digging (7/24)
 C - a wand of digging (8/24)
 D - a wand of polymorph (14/24)
 G - a wand of flame (14/48)
 H - a wand of lightning (6/15)
 J - a wand of paralysis (23/24)
 O - a wand of digging (23/24)
 W - a wand of iceblast (6/15)
 Y - a wand of iceblast (11/15)
Scrolls
 l - 6 scrolls of teleportation
 n - 8 scrolls of remove curse
 t - 2 scrolls of enchant weapon
 v - a scroll of fear
 x - 2 scrolls of fog
 S - a scroll of identify
 X - a scroll of silence
Potions
 c - 2 potions of brilliance
 d - a potion of invisibility
 q - a potion of magic
 u - 5 potions of curing
 K - 3 potions of flight
 U - a potion of cancellation
Books
 P - a book of Maledictions

   Spells                             Type                      Level
   a - Corona                         Hexes                        1
   b - Ensorcelled Hibernation        Hexes/Ice                    2
   c - Confuse                        Hexes                        3
   d - Tukima's Dance                 Hexes                        3
   e - Dazzling Spray                 Conjuration/Hexes            3
Miscellaneous
 Z - a phial of floods
Comestibles
 f - 14 bread rations


   Skills:
 + Level 11.1(16.1) Fighting
 + Level 9.2(14.2) Short Blades
 + Level 10.2(15.2) Long Blades
 + Level 9.2(14.2) Axes
 + Level 9.2(14.2) Maces & Flails
 + Level 9.2(14.2) Polearms
 + Level 9.2(14.2) Staves
 + Level 9.2(14.2) Slings
 + Level 9.2(14.2) Bows
 + Level 9.2(14.2) Crossbows
 + Level 9.2(14.2) Throwing
 + Level 11.1(16.1) Armour
 + Level 9.2(14.2) Dodging
 + Level 9.2(14.2) Stealth
 + Level 11.1(16.1) Shields
 + Level 9.2(14.2) Unarmed Combat
 + Level 9.2 Spellcasting
 + Level 7.7 Conjurations
 + Level 7.7 Hexes
 + Level 7.7 Charms
 + Level 7.7 Summonings
 + Level 7.7 Necromancy
 + Level 7.7 Translocations
 + Level 7.7 Transmutations
 + Level 7.7 Fire Magic
 + Level 7.7 Ice Magic
 + Level 7.7 Air Magic
 + Level 7.7 Earth Magic
 + Level 7.7 Poison Magic
 + Level 10.0 Invocations
 + Level 9.2 Evocations


You had 3 spell levels left.
You knew the following spells:

 Your Spells              Type           Power        Failure   Level  Hunger
a - Swiftness             Chrm/Air       ####....     1%          2    None
c - Call Canine Familiar  Summ           ####....     1%          3    #......
e - Control Undead        Necr           ####......   4%          4    ###....
q - Regeneration          Chrm/Necr      ####......   1%          3    #......
r - Vampiric Draining     Necr           ####......   1%          3    #......
t - Tukima's Dance        Hex            ####....     1%          3    #......
v - Summon Ice Beast      Ice/Summ       ####....     4%          4    ###....
w - Animate Dead          Necr           N/A          4%          4    ###....
x - Summon Butterflies    Summ           ####....     1%          1    None
z - Animate Skeleton      Necr           N/A          1%          1    None


Dungeon Overview and Level Annotations

Branches:
Dungeon (13/15)            Temple (1/1) D:7            Lair (6/6) D:11
  Swamp (0/4) Lair:2       Spider (0/4) Lair:2        Slime (1/5) Lair:6
    Orc (0/2) D:12         Vaults (0/5) D:13

Altars:
Ashenzari
Cheibriados
Fedhas
Gozag
Hepliaklqana
Kikubaaqudgha
Makhleb
Nemelex Xobeh
Okawaru
Qazlal
Vehumet
Xom
Yredelemnul
Zin
The Shining One

Shops:
D:6 *   D:10 %

Annotations:
Lair:6 exclusion: 2 oklob plants


Innate Abilities, Weirdness & Mutations

Your experience applies equally to all skills.
You have very sharp teeth.
Your uncanny sense of smell can sniff out nearby items.
You have a pair of small horns on your head.
You possess an exceptional clarity of mind.
You are dopey. (Int -2)
You are resistant to hostile enchantments. (MR+)
You passively map a small area around you.


Message History

You climb downwards.
Welcome to the Pits of Slime!
This branch is unnaturally silent, and so sound travels much further.
This branch contains the slimy rune of Zot.
Your summoned ally is left behind.
A slime creature comes into view.
The slime creature quivers.
There is a staircase back to the Lair here.
You fade into invisibility!
The slime creature hits you.
* * * LOW HITPOINT WARNING * * *
You slash the slime creature! You freeze the slime creature.
You headbutt the slime creature!
You bite the slime creature, but do no damage.
The slime creature is moderately wounded.
You catch the helpless slime creature completely off-guard!
You slice the slime creature!! You freeze the slime creature.
You headbutt the slime creature!
The slime creature is almost dead.
The slime creature hits you!
You die...

, , * , , , , ,,
, * * * ,, * *,
,, , * ##### , *
** ##...## , ,
≈≈≈##..@..# , , ,
≈≈≈....J..#
≈≈≈≈............*
* ≈≈≈≈#.........#
, ### ####.....##
* * ###### * *
**, **** , , , *
, , , * , , , ,


You could see a slime creature.

Vanquished Creatures
  Kirke (D:13)
  Nessos (D:12)
  Azrael (D:13)
  Josephine (D:11)
  2 hydras
  An ice dragon (D:12)
  Fannar (Lair:1)
  A centaur warrior (D:13)
  5 two-headed ogres
  A fire crab (D:13)
  A deep elf knight (D:13)
  An orc knight (D:13)
  3 deep elf magi
  3 oklob plants
  2 manticores (D:13)
  3 ugly things
  A cyclops (D:13)
  3 elephants
  2 centaur zombies (D:13)
  The ghost of Partyfoot the Gusty, a novice KoAE of Qazlal (D:6)
  2 black mambas (Lair:4)
  2 ice statues (IceCv)
  7 spiny frogs
  2 gargoyles
  A centaur skeleton (D:13)
  An efreet (D:13)
  2 kobold demonologists
  A rime drake (D:12)
  2 komodo dragons
  6 ice devils (IceCv)
  3 trolls
  A polar bear (D:12)
  2 jumping spiders (Lair:2)
  Grinder (D:6)
  7 blink frogs
  6 hippogriffs
  Sigmund (D:5)
  3 redbacks (Lair:2)
  31 yaks
  5 wraiths
  2 wyverns
  4 fire elementals (D:13)
  A basilisk (D:11)
  3 hungry ghosts
  A steam dragon (D:13)
  Edmund (D:4)
  A soldier ant (D:13)
  A hell hound (D:13)
  An acid dragon (D:13)
  5 water moccasins
  A sky beast (D:9)
  5 porcupines
  An eye of draining (D:13)
  11 orc warriors
  2 black bears
  2 phantoms
  An ice beast (D:12)
  12 ogres
  4 wolves (Lair:4)
  5 centaurs
  12 crocodiles
  23 big kobolds
  12 bullfrogs
  4 gnoll sergeants
  A wyvern skeleton (D:12)
  2 scorpions
  A water moccasin zombie (D:6)
  A water moccasin skeleton (D:7)
  6 killer bees
  4 howler monkeys
  9 wights
  2 electric eels
  6 crimson imps
  A bullfrog zombie (D:7)
  5 hounds
  8 orc priests
  5 jellies
  4 bullfrog skeletons
  Ijyb (D:4)
  9 orc wizards
  8 worker ants
  A killer bee zombie (D:9)
  A howler monkey zombie (D:9)
  A worker ant zombie (D:7)
  11 gnolls
  A howler monkey skeleton (D:11)
  7 adders
  3 shadow imps
  9 white imps (IceCv)
  4 ufetubi (IceCv)
  3 oozes
  3 adder zombies
  3 adder skeletons (D:2)
  2 worms
  4 dart slugs
  7 leopard geckos
  31 orcs
  6 bats
  4 giant cockroaches
  2 gnoll zombies (D:5)
  11 goblins
  15 hobgoblins
  17 jackals
  4 quokkas
  A ball python (D:1)
  3 frilled lizards
  A jackal skeleton (D:2)
  27 kobolds
  A leopard gecko zombie (D:2)
  A quokka zombie (D:5)
  10 rats
503 creatures vanquished.

Vanquished Creatures (collateral kills)
  An oklob plant (Lair:6)
  An ugly thing (D:11)
  A salamander (Lair:2)
  5 elephants
  2 komodo dragons (Lair:1)
  A spiny frog (Lair:1)
  A basilisk (Lair:4)
  3 yaks
  4 swamp worms (Lair:2)
  An orc warrior (D:12)
  A black bear (Lair:2)
  2 ogres
  A crocodile (Lair:1)
  3 bullfrogs
  A big kobold (D:11)
  A scorpion (D:9)
  4 killer bees (D:13)
  A wight (D:10)
  An electric eel (Lair:4)
  A crimson imp (D:9)
  A hound (D:8)
  2 orc wizards
  3 orcs
  3 kobolds
  2 fungi (Lair:4)
  3 plants (Lair:4)
50 creatures vanquished.

Vanquished Creatures (others)
  A reaper (IceCv)
  A centaur warrior (D:13)
  5 dream sheep (Lair:6)
  A human (D:13)
  2 white imps (IceCv)
  7 ufetubi (IceCv)
  2 orcs (D:13)
  2 fungi
  2 plants (Lair:6)
  5 toadstools (D:1)
28 creatures vanquished.

Grand Total: 581 creatures vanquished

Notes
Turn   | Place    | Note
-------+----------+-------------------------------------------
     0 | D:1      | Dysjunc the Gnoll Fighter began the quest for the Orb.
     0 | D:1      | Reached XP level 1. HP: 23/23 MP: 1/1
    79 | D:1      | Reached XP level 2. HP: 29/29 MP: 2/2
   413 | D:1      | Reached XP level 3. HP: 35/35 MP: 3/3
   979 | D:2      | Reached skill level 1 in Invocations
   989 | D:2      | Reached skill level 1 in Short Blades
   989 | D:2      | Reached skill level 1 in Axes
   989 | D:2      | Reached skill level 1 in Maces & Flails
   989 | D:2      | Reached skill level 1 in Polearms
   989 | D:2      | Reached skill level 1 in Staves
   989 | D:2      | Reached skill level 1 in Slings
   989 | D:2      | Reached skill level 1 in Bows
   989 | D:2      | Reached skill level 1 in Crossbows
   989 | D:2      | Reached skill level 1 in Throwing
   989 | D:2      | Reached skill level 1 in Dodging
   989 | D:2      | Reached skill level 1 in Stealth
   989 | D:2      | Reached skill level 1 in Unarmed Combat
   989 | D:2      | Reached skill level 1 in Spellcasting
   989 | D:2      | Reached skill level 1 in Evocations
   989 | D:2      | Reached XP level 4. HP: 21/41 MP: 5/5
  1499 | D:2      | Reached skill level 1 in Conjurations
  1499 | D:2      | Reached skill level 1 in Hexes
  1499 | D:2      | Reached skill level 1 in Charms
  1499 | D:2      | Reached skill level 1 in Summonings
  1499 | D:2      | Reached skill level 1 in Necromancy
  1499 | D:2      | Reached skill level 1 in Translocations
  1499 | D:2      | Reached skill level 1 in Transmutations
  1499 | D:2      | Reached skill level 1 in Fire Magic
  1499 | D:2      | Reached skill level 1 in Ice Magic
  1499 | D:2      | Reached skill level 1 in Air Magic
  1499 | D:2      | Reached skill level 1 in Earth Magic
  1499 | D:2      | Reached skill level 1 in Poison Magic
  1981 | D:3      | Found a burning altar of Makhleb.
  1985 | D:3      | Reached XP level 5. HP: 47/47 MP: 6/6
  2663 | D:4      | Found a snail-covered altar of Cheibriados.
  2750 | D:4      | Noticed Ijyb
  2766 | D:4      | Reached XP level 6. HP: 45/53 MP: 8/8
  2771 | D:4      | Killed Ijyb
  2859 | D:4      | Gained mutation: You occasionally shout uncontrollably at your foes. [potion of mutation]
  2859 | D:4      | Gained mutation: You possess an exceptional clarity of mind. [potion of mutation]
  2975 | D:4      | Reached skill level 5 in Long Blades
  3159 | D:4      | Got a slimy short sword
  3160 | D:4      | Identified the +6 short sword of the Exiled Ghosts {protect, Str+3} (You found it on level 4 of the Dungeon)
  3579 | D:4      | Noticed Edmund
  3595 | D:4      | Killed Edmund
  3595 | D:4      | Reached XP level 7. HP: 38/60 MP: 10/10
  4074 | D:5      | Entered Level 5 of the Dungeon
  4217 | D:5      | Noticed Sigmund
  4229 | D:5      | Killed Sigmund
  4559 | D:5      | Reached XP level 8. HP: 62/67 MP: 12/12
  5434 | D:5      | Found a basalt altar of Yredelemnul.
  5528 | D:6      | Noticed Partyfoot's ghost (novice KoAE)
  5554 | D:6      | Killed Partyfoot's ghost
  6062 | D:6      | Noticed Grinder
  6070 | D:6      | Paralysed by Grinder for 4 turns
  6081 | D:6      | Killed Grinder
  6081 | D:6      | Reached XP level 9. HP: 48/73 MP: 14/14
  6364 | D:6      | Found a glowing golden altar of the Shining One.
  6397 | D:6      | Found Udul Egi's General Store.
  6407 | D:6      | Bought a book of Necromancy for 360 gold pieces
  6409 | D:6      | Learned a level 1 spell: Animate Skeleton
  6528 | D:6      | Found a burning altar of Makhleb.
  6884 | D:7      | Found a hazy altar of Hepliaklqana.
  7322 | D:7      | Found a blossoming altar of Fedhas.
  7361 | D:7      | Found a staircase to the Ecumenical Temple.
  7436 | Temple   | Entered the Ecumenical Temple
  7451 | Temple   | Became a worshipper of Warmaster Okawaru
  8338 | D:8      | Reached skill level 5 in Invocations
  8620 | D:9      | Noticed a two-headed ogre
  8634 | D:9      | Killed a two-headed ogre
  8634 | D:9      | Reached * piety under Okawaru
  8634 | D:9      | Reached XP level 10. HP: 66/80 MP: 15/17
  8695 | D:9      | Found a glowing silver altar of Zin.
  8723 | D:9      | Reached ** piety under Okawaru
  8761 | D:9      | Reached skill level 5 in Short Blades
  8761 | D:9      | Reached skill level 5 in Axes
  8761 | D:9      | Reached skill level 5 in Maces & Flails
  8761 | D:9      | Reached skill level 5 in Polearms
  8761 | D:9      | Reached skill level 5 in Staves
  8761 | D:9      | Reached skill level 5 in Slings
  8761 | D:9      | Reached skill level 5 in Bows
  8761 | D:9      | Reached skill level 5 in Crossbows
  8761 | D:9      | Reached skill level 5 in Throwing
  8761 | D:9      | Reached skill level 5 in Dodging
  8761 | D:9      | Reached skill level 5 in Stealth
  8761 | D:9      | Reached skill level 5 in Unarmed Combat
  8761 | D:9      | Reached skill level 5 in Spellcasting
  8761 | D:9      | Reached skill level 5 in Evocations
  9339 | D:9      | Gained mutation: You passively map a small area around you. [mutagenic meat]
  9340 | D:9      | Gained mutation: You are dopey. (Int -2) [mutagenic meat]
  9342 | D:9      | Gained mutation: You are resistant to hostile enchantments. (MR+) [mutagenic meat]
  9343 | D:9      | Gained mutation: You have a pair of small horns on your head. [mutagenic meat]
  9344 | D:9      | Lost mutation: You occasionally shout uncontrollably at your foes. [mutagenic meat]
  9469 | D:9      | Reached *** piety under Okawaru
  9890 | D:10     | Entered Level 10 of the Dungeon
  9912 | D:10     | Found a sparkling altar of Nemelex Xobeh.
  9978 | D:10     | Noticed a two-headed ogre
  9983 | D:10     | Killed a two-headed ogre
 10064 | D:10     | Noticed a two-headed ogre
 10065 | D:10     | Found Deutio Ifex's Food Shoppe.
 10074 | D:10     | Killed a two-headed ogre
 10074 | D:10     | Reached **** piety under Okawaru
 10074 | D:10     | Reached XP level 11. HP: 58/87 MP: 19/19
 11060 | D:11     | Reached skill level 5 in Conjurations
 11060 | D:11     | Reached skill level 5 in Hexes
 11060 | D:11     | Reached skill level 5 in Charms
 11060 | D:11     | Reached skill level 5 in Summonings
 11060 | D:11     | Reached skill level 5 in Necromancy
 11060 | D:11     | Reached skill level 5 in Translocations
 11060 | D:11     | Reached skill level 5 in Transmutations
 11060 | D:11     | Reached skill level 5 in Fire Magic
 11060 | D:11     | Reached skill level 5 in Ice Magic
 11060 | D:11     | Reached skill level 5 in Air Magic
 11060 | D:11     | Reached skill level 5 in Earth Magic
 11060 | D:11     | Reached skill level 5 in Poison Magic
 11115 | D:11     | Noticed a two-headed ogre
 11139 | D:11     | Killed a two-headed ogre
 11139 | D:11     | Received a gift from Okawaru
 11139 | D:11     | Reached ***** piety under Okawaru
 11235 | D:11     | Found a staircase to the Lair.
 11246 | D:11     | Noticed a brown ugly thing
 11254 | D:11     | Killed a brown ugly thing
 11428 | D:11     | Received a gift from Okawaru
 11538 | D:11     | Noticed Josephine
 11628 | D:11     | Killed Josephine
 11894 | Lair:1   | Entered Level 1 of the Lair of Beasts
 11915 | Lair:1   | Learned a level 2 spell: Swiftness
 11969 | Lair:1   | Learned a level 3 spell: Regeneration
 12043 | Lair:1   | Learned a level 1 spell: Summon Butterflies
 12155 | Lair:1   | Noticed a five-headed hydra
 12165 | Lair:1   | Killed a five-headed hydra
 12165 | Lair:1   | Reached XP level 12. HP: 33/96 MP: 19/22
 12430 | Lair:1   | Received a gift from Okawaru
 12774 | D:12     | Found a frozen archway.
 12776 | D:12     | Noticed an ice dragon
 12796 | D:12     | Killed an ice dragon
 13043 | IceCv    | Entered an ice cave
 13231 | IceCv    | Killed a reaper
 15233 | IceCv    | Got an ichor-stained spear
 15255 | IceCv    | Identified the +5 spear of the Spider Nest {holy, *Contam rC+ Stlth+} (You found it in an ice cave)
 15940 | D:12     | Found an opulent altar of Gozag.
 16080 | D:12     | Received a gift from Okawaru
 16287 | D:12     | Noticed Nessos
 16302 | D:12     | Killed Nessos
 16616 | D:12     | Reached skill level 10 in Fighting
 16616 | D:12     | Reached skill level 10 in Armour
 16616 | D:12     | Reached skill level 10 in Shields
 16800 | D:12     | Found a staircase to the Orcish Mines.
 17353 | D:13     | Noticed a centaur warrior
 17369 | D:12     | Received a gift from Okawaru
 17499 | D:13     | Reached XP level 13. HP: 103/103 MP: 24/24
 17621 | D:13     | Received a gift from Okawaru
 17823 | D:13     | Received a gift from Okawaru
 17858 | D:13     | Found a gate to the Vaults.
 18046 | D:13     | Received a gift from Okawaru
 18049 | D:13     | Got a steaming shield {god gift}
 18140 | D:13     | Identified the +3 shield "Duuzxoel" {Str-4 Int+4 Dex+3 SInv} (Okawaru gifted it to you on level 13 of the Dungeon)
 18503 | D:13     | Noticed Azrael
 18524 | D:13     | Killed Azrael
 18668 | D:13     | Noticed Kirke
 18681 | D:13     | Killed Kirke
 19204 | Lair:1   | Learned a level 3 spell: Call Canine Familiar
 19208 | Lair:1   | Learned a level 3 spell: Vampiric Draining
 19213 | Lair:1   | Learned a level 4 spell: Animate Dead
 19218 | Lair:1   | Learned a level 4 spell: Control Undead
 19223 | Lair:1   | Learned a level 4 spell: Summon Ice Beast
 19309 | Lair:1   | Noticed Fannar
 19320 | Lair:1   | Killed Fannar
 20254 | Lair:2   | Found a hole to the Spider Nest.
 20263 | Lair:2   | Received a gift from Okawaru
 20263 | Lair:2   | Reached XP level 14. HP: 92/111 MP: 23/26
 20266 | Lair:2   | Got an ancient spear {god gift}
 20271 | Lair:2   | Identified the +1 spear "Korenol" {flame, rElec MR- Dex+4} (Okawaru gifted it to you on level 2 of the Lair of Beasts)
 20356 | Lair:2   | Found a staircase to the Swamp.
 20694 | Lair:3   | Identified a scroll of acquirement
 21615 | Lair:4   | Reached skill level 10 in Long Blades
 21632 | Lair:4   | Reached ****** piety under Okawaru
 22233 | Lair:4   | Received a gift from Okawaru
 22569 | Lair:5   | Found an ancient bone altar of Kikubaaqudgha.
 23350 | Lair:6   | Entered Level 6 of the Lair of Beasts
 23381 | Lair:6   | Found a shimmering altar of Xom.
 23498 | Lair:6   | Learned a level 3 spell: Tukima's Dance
 23669 | Lair:6   | Found a staircase to the Slime Pits.
 23682 | Lair:6   | Reached skill level 10 in Invocations
 23831 | Slime:1  | Entered Level 1 of the Pits of Slime
 23839 | Slime:1  | Slain by a slime creature

Vault maps used:
D:1:      ldierk_walled_garden
D:2:      serial_undead, serial_undead_e, serial_undead_c, serial_undead_f,
          serial_undead_b
D:3:      overflow_temple_1_default, minmay_misc_feat_columns
D:4:      corexii_shantytown, kennysheep_slug_shrine, first_bread,
          eino_tiny_chamber, uniq_edmund, uniq_ijyb
D:5:      lemuel_zombie_altar_yredelemnul, uniq_sigmund
D:6:      serial_shops, shop, basic_altar, eino_tiny_chamber, st_stairs_9,
          makhleb_heckhound_becter, uniq_grinder
D:7:      kennysheep_mini_moat, nicolae_overflow_hidden_temple,
          minmay_temple_entry_poolview
D:9:      zin_treasury
D:10:     serial_shops, shop, basic_altar
D:11:     lair_entry_dummy, grunt_ogre_cave, uniq_josephine
D:12:     kennysheep_orc_monster_closet_entryway, basic_altar,
          portal_ice_cave_entry_animals_and_master, uniq_nessos
D:13:     hangedman_vaults_entry_quadrant_bands, nicolae_benzene_ring,
          grunt_decor_resistance, uniq_kirke, uniq_azrael
Temple:   nicolae_temple_elliptical
Lair:1:   grunt_megastairs_3, uniq_fannar
Lair:2:   nicolae_swamp_entry_splash_gauntlet, spider_nest_entry_funnel_web,
          st_stairs_6, grunt_megastairs_2
Lair:5:   lemuel_oklob_altar
Lair:6:   guppyfry_lair_end_dragon, hangedman_lair_in_review,
          minmay_slime_entry_oklob_open, kb_xom_exploding_sheep,
          serial_bayou_shore_a, serial_bayou_shore_b, infiniplex_staircase_pool
Slime:1:  nicolae_slime_phagocytosis
IceCv:    ice_cave_small_demon

Skill      XL: |  1  2  3  4  5  6  7  8  9 10 11 12 13 14 |
---------------+-------------------------------------------+-----
Invocations    | 1 2 3 4 5 6 7 8 9 10 | 10.0
Short Blades   | 1 2 3 4 5 6 7 8 9 |  9.2
Axes           | 1 2 3 4 5 6 7 8 9 |  9.2
Maces & Flails | 1 2 3 4 5 6 7 8 9 |  9.2
Polearms       | 1 2 3 4 5 6 7 8 9 |  9.2
Staves         | 1 2 3 4 5 6 7 8 9 |  9.2
Slings         | 1 2 3 4 5 6 7 8 9 |  9.2
Bows           | 1 2 3 4 5 6 7 8 9 |  9.2
Crossbows      | 1 2 3 4 5 6 7 8 9 |  9.2
Throwing       | 1 2 3 4 5 6 7 8 9 |  9.2
Dodging        | 1 2 3 4 5 6 7 8 9 |  9.2
Stealth        | 1 2 3 4 5 6 7 8 9 |  9.2
Unarmed Combat | 1 2 3 4 5 6 7 8 9 |  9.2
Spellcasting   | 1 2 3 4 5 6 7 8 9 |  9.2
Evocations     | 1 2 3 4 5 6 7 8 9 |  9.2
Conjurations   | 1 2 3 4 5 6 7 |  7.7
Hexes          | 1 2 3 4 5 6 7 |  7.7
Charms         | 1 2 3 4 5 6 7 |  7.7
Summonings     | 1 2 3 4 5 6 7 |  7.7
Necromancy     | 1 2 3 4 5 6 7 |  7.7
Translocations | 1 2 3 4 5 6 7 |  7.7
Transmutations | 1 2 3 4 5 6 7 |  7.7
Fire Magic     | 1 2 3 4 5 6 7 |  7.7
Ice Magic      | 1 2 3 4 5 6 7 |  7.7
Air Magic      | 1 2 3 4 5 6 7 |  7.7
Earth Magic    | 1 2 3 4 5 6 7 |  7.7
Poison Magic   | 1 2 3 4 5 6 7 |  7.7
Long Blades    | 5 6 7 8 9 10 | 10.2
Fighting       | 7 8 9 10 11 | 11.1
Armour         | 7 8 9 10 11 | 11.1
Shields        | 7 8 9 10 11 | 11.1

Action                   |  1- 3 |  4- 6 |  7- 9 | 10-12 | 13-15 || total
-------------------------+-------+-------+-------+-------+-------++-------
Melee: Long sword        |    85 |   177 |       |   473 |   531 ||  1266
       Bite              |     8 |    26 |    44 |    99 |   108 ||   285
       Short sword       |       |    53 |   322 |   147 |       ||   522
       Headbutt          |       |       |       |   137 |   153 ||   290
       Spear             |       |       |       |     6 |       ||     6
       Scimitar          |       |       |       |       |     4 ||     4
 Fire: Hunting sling     |       |       |       |    11 |       ||    11
Throw: Stone             |       |       |       |     5 |     2 ||     7
 Cast: Animate Skeleton  |       |       |     8 |    51 |     9 ||    68
       Swiftness         |       |       |       |     3 |     1 ||     4
       Regeneration      |       |       |       |     4 |     3 ||     7
       Summon Butterflie |       |       |       |     1 |     1 ||     2
       Summon Ice Beast  |       |       |       |       |    12 ||    12
       Call Canine Famil |       |       |       |       |    10 ||    10
       Animate Dead      |       |       |       |       |    10 ||    10
Invok: Heroism           |       |       |       |    16 |    12 ||    28
       Finesse           |       |       |       |       |     2 ||     2
Evoke: Wand              |       |       |       |    13 |     6 ||    19
  Use: Scroll            |       |     8 |     6 |    23 |    14 ||    51
       Potion            |       |    13 |     3 |     6 |     6 ||    28
 Stab: Invisible         |       |     6 |       |       |     1 ||     7
       Sleeping          |       |     3 |     6 |     8 |    15 ||    32
       Distracted        |       |       |     1 |     6 |     8 ||    15
  Eat: Chunk             |       |     3 |     4 |    10 |     4 ||    21
       Bread ration      |       |     1 |       |     2 |       ||     3
       Royal jelly       |       |     1 |       |     2 |       ||     3
       Meat ration       |       |       |     2 |     3 |     4 ||     9
       Fruit             |       |       |     2 |     1 |     1 ||     4
Armor: Scale mail        |    30 |    45 |       |       |       ||    75
       Leather armour    |       |     9 |    48 |    76 |       ||   133
       Troll leather arm |       |       |       |     5 |    49 ||    54
Dodge: Dodged            |    42 |    84 |   110 |   293 |   213 ||   742
Block: Shield            |    62 |   150 |   128 |   314 |   379 ||  1033
       Reflection        |       |       |       |       |     4 ||     4
       Rpst.: Long sword |    10 |    15 |       |    60 |    48 ||   133
       Scimitar          |       |       |       |       |     1 ||     1

Table legend:
 A = Spawn XP
 B = Non-spawn XP
 C = Spawn XP percentage of total XP
 D = Spawn monster count
 E = Non-spawn monster count
 F = Spawn count percentage of total count
 G = Total turns spent on level
                    A         B        C        D         E        F      G
               +---------+---------+-------+---------+---------+-------+---------
         Total |       0 |   73409 |   0.0 |       0 |     548 |   0.0 | 23839
               +---------+---------+-------+---------+---------+-------+---------
           D:1 |       0 |      36 |   0.0 |       0 |      21 |   0.0 |   823
           D:2 |       0 |     109 |   0.0 |       0 |      23 |   0.0 |   951
           D:3 |       0 |      68 |   0.0 |       0 |      23 |   0.0 |   864
           D:4 |       0 |     536 |   0.0 |       0 |      47 |   0.0 |  1436
           D:5 |       0 |     508 |   0.0 |       0 |      17 |   0.0 |  1413
           D:6 |       0 |    1559 |   0.0 |       0 |      20 |   0.0 |  1312
           D:7 |       0 |     657 |   0.0 |       0 |      17 |   0.0 |   945
           D:8 |       0 |     765 |   0.0 |       0 |      14 |   0.0 |   849
           D:9 |       0 |    3512 |   0.0 |       0 |      45 |   0.0 |  1272
          D:10 |       0 |    3204 |   0.0 |       0 |      32 |   0.0 |  1072
          D:11 |       0 |    6418 |   0.0 |       0 |      50 |   0.0 |  1390
          D:12 |       0 |    8487 |   0.0 |       0 |      44 |   0.0 |  1527
          D:13 |       0 |   18677 |   0.0 |       0 |      63 |   0.0 |  1637
        Lair:1 |       0 |    4440 |   0.0 |       0 |      16 |   0.0 |  1569
        Lair:2 |       0 |    3145 |   0.0 |       0 |      17 |   0.0 |   595
        Lair:3 |       0 |    2399 |   0.0 |       0 |      12 |   0.0 |  1137
        Lair:4 |       0 |    7864 |   0.0 |       0 |      33 |   0.0 |  1098
        Lair:5 |       0 |    2929 |   0.0 |       0 |      15 |   0.0 |   568
        Lair:6 |       0 |    5124 |   0.0 |       0 |      18 |   0.0 |   481
         IceCv |       0 |    2972 |   0.0 |       0 |      21 |   0.0 |  2867
               +---------+---------+-------+---------+---------+-------+---------
